Unix NetHack Version 3.7.0-71 Work-in-progress - last build Jan 31 2023 13:50:20 (7ba98a1283f2b7cec35fde026edb48fc825ab8ae,branch:master). Game began 2023-02-05 13:43:14, ended 2023-02-05 13:46:50. misanthrope, neutral male human Wizard -- |.--- -- |...-- .--- --- |....| -...--..-- ---..| ........- --.| -......... --.| ....... |..| ......- |.-- -......| ----.| -- |......| |..^.| --.--G... |....-- |....@- ----- |.....| |....-- |...----....-- ----.------- -.......<.-- |..%....---.----.....| -------.....| |.....-- |...|.-- --..--- |...|-- ---- ----- Misanthrope the Conjurer St:13 Dx:17 Co:11 In:18 Wi:9 Ch:7 Neutral Dlvl:4 $:4 HP:0(24) Pw:26(26) AC:9 Xp:3/46 T:638 Latest messages: This door is locked. This door is locked. This door is locked. This door is locked. In what direction? Whammm!! In what direction? Whammm!! In what direction? Whammm!! In what direction? Whammm!! In what direction? As you kick the door, it crashes open! You descend the stairs. The door opens. That door is closed. That door is closed. That door is closed. The door opens. You descend the stairs. The gnome just misses! You kill the gnome! Welcome to experience level 2. A little dart shoots out at you! You are hit by a little dart. You hear crashing rock. You hear crashing rock. You see here a food ration. n - a food ration. What do you want to eat? [n or ?*] This satiates your stomach! You stop eating the food ration. The gnome hits! You kill the gnome! You kill the gnome! o - a candle. The hobbit wields a dagger! The dagger welds itself to the hobbit's hand! The gnome lord hits! You kill the hobbit! Welcome to experience level 3. The gnome lord hits! The gnome lord hits! You hit the gnome lord. The gnome lord hits! You hit the gnome lord! The gnome lord hits! You die... Do you want your possessions identified? [ynq] (y) Inventory: Coins ('$') $ - 4 gold pieces Weapons (')') a - a blessed +1 quarterstaff (weapon in hands) Armor ('[') b - an uncursed +0 cloak of magic resistance (being worn) Comestibles ('%') n - an uncursed partly eaten food ration Scrolls ('?') j - an uncursed scroll of destroy armor k - an uncursed scroll of identify i - an uncursed scroll of teleportation Spellbooks ('+') m - an uncursed spellbook of detect food l - a blessed spellbook of force bolt Potions ('!') h - an uncursed potion of restore ability g - an uncursed potion of see invisible f - a potion of holy water Rings ('=') d - an uncursed +1 ring of gain strength e - an uncursed ring of polymorph control Wands ('/') c - a blessed wand of lightning (0:8) Tools ('(') o - an uncursed wax candle Misanthrope the Wizard's attributes: Background: You were a Conjurer, a level 3 male human Wizard. You were neutral, on a mission for Thoth who was opposed by Ptah (lawful) and Anhur (chaotic). You were in the Gnomish Mines, on level 4. You entered the dungeon 638 turns ago. There was a full moon in effect when your adventure ended. You had 46 experience points, 34 more were needed to attain level 4. Basics: You had 0 out of 24 hit points. You had all 26 energy points (spell power). Your armor class was 9. Your wallet contained 4 zorkmids. Autopickup was off. Final Characteristics: Your strength was 13 (limit:18/100). Your dexterity was 17 (limit:18). Your constitution was 11 (limit:18). Your intelligence was 18 (limit:18). Your wisdom was 9 (limit:18). Your charisma was 7 (limit:18). Final Status: You were not hungry. You were unencumbered. You were wielding a quarterstaff. You had basic skill with quarterstaff. Final Attributes: You were fervently aligned. You were magic-protected. You were warded. You were lucky. You are dead. Miscellaneous: You never encountered a bones level. Total elapsed playing time was 3 minutes and 36 seconds. Major events: Turn 1: misanthrope the neutral male human Wizard entered the dungeon 558: entered the Gnomish Mines 635: attained the rank of Conjurer (level 3) 638: killed by a gnome lord Vanquished creatures: a hobbit 4 gnomes a jackal a kobold a goblin 2 sewer rats a kobold zombie 3 newts 14 creatures vanquished. No species were genocided or became extinct. Voluntary challenges: You followed a strict vegan diet. You were an atheist. You were illiterate. You never engraved Elbereth. You never genocided any monsters. You never polymorphed an object. You never changed form. You used no wishes. Achievements: You entered the Gnomish Mines. You attained the rank of Conjurer. The Dungeons of Doom: levels 1 to 3 Level 1: A fountain. Level 2: Level 3: Stairs down to The Gnomish Mines. The Gnomish Mines: Level 4: <- You were here. Final resting place for you, killed by a gnome lord. Game over: ---------- / \ / REST \ / IN \ / PEACE \ / \ | misanthrope | | 4 Au | | killed by a | | gnome lord | | | | | | 2023 | *| * * * | * _________)/\\_//(\/(/\)/\//\/|_)_______ Goodbye misanthrope the Wizard... You died in The Gnomish Mines on dungeon level 4 with 338 points, and 4 pieces of gold, after 638 moves. You were level 3 with a maximum of 24 hit points when you died.